 Dungeon Crawl Stone Soup version 0.27.1-35-g4d5d836560 (webtiles) character file.

Game seed: 8061776593343490780

170 KingTuna the Skirmisher (level 5, 0/47 HPs)
             Began as a Draconian Berserker on Apr 15, 2022.
             Was a Believer of Trog.
             Slain by an iguana (7 damage)
             ... on level 4 of the Dungeon.
             The game lasted 00:27:56 (2699 turns).

KingTuna the Skirmisher (Draconian Berserker)       Turns: 2699, Time: 00:27:57

Health: 0/47       AC:  5    Str: 21    XL:     5   Next: 25%
Magic:  5/5        EV: 12    Int:  7    God:    Trog [**....]
Gold:   172        SH:  0    Dex: 10    Spells: 4/4 levels left

rFire    . . .     SeeInvis .   n - +0 short sword (protect)
rCold    . . .     Faith    .   (no shield)
rNeg     . . .     Spirit   .   (armour unavailable)
rPois    .         Reflect  .   (helmet restricted)
rElec    .         Harm     .   (no cloak)
rCorr    .         Rampage  .   (no gloves)
Will     .....                  (no boots)
Stlth    +.........             (no amulet)
HPRegen  0.15/turn              f - +4 ring of slaying
MPRegen  0.09/turn              (no ring)

@: confused
A: AC +5, unfitting armour, cold-blooded
a: Renounce Religion, Berserk, Trog's Hand


You were on level 4 of the Dungeon.
You worshipped Trog.
Trog was pleased with you.
You visited 1 branch of the dungeon, and saw 4 of its levels.

You collected 172 gold pieces.

Inventory:

Hand Weapons
 b - a +0 mace
 i - a +0 spear
 n - a +0 short sword of protection (weapon)
Missiles
 a - 14 arrows
 c - 170 stones (quivered)
 o - 32 bolts
Jewellery
 f - a +4 ring of slaying (left hand)
Scrolls
 d - a scroll of blinking {unknown}
 e - a scroll of summoning {unknown}
 h - a scroll of amnesia {unknown}
 k - a scroll of noise {unknown}
Potions
 g - a potion of mutation {unknown}
 j - a potion of cancellation {unknown}
 l - 2 potions of attraction {unknown}
 m - a potion of ambrosia


   Skills:
 + Level 4.5 Fighting
 + Level 1.5 Short Blades
 + Level 3.9 Maces & Flails
 + Level 1.5 Polearms
 + Level 3.2 Dodging
 + Level 0.5 Stealth


You had 4 spell levels left.
You didn't know any spells.
Your spell library was empty.

Dungeon Overview and Level Annotations

Branches:
Dungeon (4/15)
 Temple: D:4-7

Altars:
Qazlal

Shops:
D:1 :


Innate Abilities, Weirdness & Mutations

Your plain brown scales are hard. (AC +5)
You cannot fit into any form of body armour.
You are cold-blooded and may be slowed by cold attacks.


Message History

The orc is severely wounded.
The orc misses you. Something barely misses you.
You closely miss the orc. You tail-slap the orc.
You kill the orc!
Trog accepts your kill. Something hits you but does no damage.
You hit the iguana.
The iguana is moderately wounded.
Something hits you but does no damage. The iguana barely misses you.
You hit the iguana but do no damage. You tail-slap the iguana.
The iguana is heavily wounded.
Something hits you but does no damage.
The iguana bites you but does no damage.
You barely miss the iguana.
The iguana is heavily wounded.
You hear some strange, mumbled words.
You are confused.
The iguana barely misses you.
You bump into the rock wall.
Something hits you but does no damage. The iguana bites you.
You bump into the rock wall.
Something hits you but does no damage. The iguana bites you.
You bump into the rock wall.
Something barely misses you. The iguana barely misses you.
You bump into the rock wall.
Something hits you. The iguana bites you!
You're too confused to move!
Something hits you.
* * * LOW HITPOINT WARNING * * *
The iguana closely misses you.
You're too confused to move!
You feel less confused. Something hits you.
* * * LOW HITPOINT WARNING * * *
You hear some strange, mumbled words.
You are confused.
You bump into the rock wall.
The iguana barely misses you.
You bump into the rock wall.
The iguana bites you!
* * * LOW HITPOINT WARNING * * *
The iguana bites you!
You die...

...#.#..
##..###...#
...#.#...
#####....#
...#.#....
#.....#
#.....# ##
##....#
##.. ##..##
#.... ##.#
......##l#
.......@.#
##.#######


You could see an iguana.

Vanquished Creatures
  An iguana (D:3)
  An orc wizard (D:3)
  4 adders
  2 worms
  2 dart slugs (D:2)
  9 orcs
  3 endoplasms
  4 giant cockroaches
  5 goblins
  6 hobgoblins
  4 jackals
  8 kobolds
  2 quokkas (D:1)
  4 ball pythons
  4 bats
  4 frilled lizards
  4 rats
67 creatures vanquished.

Notes
Turn   | Place    | Note
-------+----------+-------------------------------------------
     0 | D:1      | KingTuna the Draconian Berserker began the quest for the
                  | Orb.
     0 | D:1      | Reached XP level 1. HP: 19/19 MP: 1/1
   180 | D:1      | Reached XP level 2. HP: 26/26 MP: 2/2
   288 | D:1      | Found Pammun's Book Boutique.
   565 | D:2      | Reached ** piety under Trog
   723 | D:2      | Reached XP level 3. HP: 22/33 MP: 3/3
  1208 | D:3      | Reached skill level 1 in Polearms
  1208 | D:3      | Reached XP level 4. HP: 29/40 MP: 4/4
  1883 | D:3      | Reached skill level 4 in Fighting
  2297 | D:3      | Reached skill level 1 in Short Blades
  2297 | D:3      | Reached XP level 5. HP: 32/47 MP: 5/5
  2524 | D:4      | Found a stormy altar of Qazlal.
  2579 | D:4      | Found a stormy altar of Qazlal.
  2699 | D:4      | Slain by an iguana

Illustrated notes

Levels and vault maps discovered:
D:1:      dpeg_arrival_short_road, layout_basic, serial_shops,
          nicolae_shop_behind_doors
D:2:      layout_basic, serial_shops, nicolae_lakefront_shop
D:3:      layout_basic, minmay_vboxes
D:4:      layout_basic, mainiacjoe_overflow_paths,
          nicolae_overflow_hidden_temple, nicolae_qazlal_general_emergency,
          serial_shops, shop, minivault_23, kennysheep_flooded_box, minivault_19

Skill      XL: |  1  2  3  4 |
---------------+-------------+-----
Dodging        | 3 |  3.2
Polearms       | 1 |  1.5
Fighting       | 4 |  4.5
Short Blades   | 1 |  1.5
Maces & Flails | |  3.9
Stealth        | |  0.5

Action                   |  1- 3 |  4- 6 || total
-------------------------+-------+-------++-------
Melee: Mace              |    37 |    14 ||    51
       Spear             |    72 |    22 ||    94
       Tailslap          |    13 |    26 ||    39
       Short sword       |       |   103 ||   103
Throw: Stone             |     2 |     2 ||     4
  Use: Scroll            |       |     2 ||     2
       Potion            |       |     1 ||     1
Armor: Skin              |    37 |    65 ||   102
Dodge: Dodged            |    83 |    93 ||   176
